 Dungeon Crawl Stone Soup version 0.32-a0-685-g93135e86f0 (webtiles) character file.

Game seed: 13504431837199087843

1409 Shayle the Apothecary (level 8, -1/61 HPs)
             Began as a Coglin Alchemist on Mar 13, 2024.
             Was an Initiate of Gozag.
             Slain by a water moccasin (8 damage)
             ... on level 5 of the Dungeon.
             The game lasted 00:16:25 (7074 turns).

Shayle the Apothecary (Coglin Alchemist)            Turns: 7074, Time: 00:16:27

Health: -1/61      AC:  4    Str:  9    XL:     8   Next: 70%
Magic:  10/10      EV: 12    Int: 17    God:    Gozag
Gold:   270        SH:  0    Dex: 14    Spells: 6/10 levels left

rFire   . . .        f - +0 short sword {Xue}
rCold   . . .        p - +1 long sword (holy) {Mishil}
rNeg    . . .        a - +0 robe
rPois   .            (no helmet)
rElec   .            q - +0 cloak
rCorr   .            (no gloves)
SInv    .            n - +0 pair of boots
Will    .....        (amulet unavailable)
Stlth   ++           (ring unavailable)
HPRegen 0.30/turn    (ring unavailable)
MPRegen 0.12/turn    (no gizmo)

%: no passive effects
@: lethally poisoned (-1 -> -10), revved
A: off-hand wielding, slow wielding, warmup strikes, no jewellery
a: Invent Gizmo, Renounce Religion, Potion Petition, Call Merchant, Bribe Branch


You were on level 5 of the Dungeon.
You worshipped Gozag.
Gozag was aware of your devotion.
You visited 2 branches of the dungeon, and saw 7 of its levels.

You collected 355 gold pieces.
You paid 85 gold pieces to Gozag.

Inventory:

Hand Weapons
 f - a +0 short sword (weapon) {Xue}
 p - a +1 long sword of holy wrath (offhand) {Mishil}
Missiles
 o - 2 throwing nets
Armour
 a - a +0 robe (worn)
 n - a +0 pair of boots (worn)
 q - a +0 cloak (worn)
Scrolls
 e - a scroll of identify
 i - a scroll of fear {unknown}
 k - a scroll of poison {unknown}
 l - a scroll of teleportation
 m - 2 scrolls of summoning {unknown}
 r - a scroll of torment {unknown}
 s - 3 scrolls of fog {unknown}
 u - a scroll of amnesia {unknown}
Potions
 b - a potion of magic
 c - a potion of brilliance
 d - a potion of curing
 g - 3 potions of enlightenment
 h - 2 potions of resistance
 j - 2 potions of attraction
 t - a potion of degeneration {unknown}


   Skills:
 + Level 4.7 Fighting
 + Level 4.2 Ranged Weapons
 - Level 1.7 Dodging
 - Level 1.5 Stealth
 - Level 1.7 Spellcasting
 + Level 4.0 Conjurations
 + Level 3.8 Air Magic
 + Level 5.8 Alchemy


You had 6 spell levels left.
You knew the following spells:

 Your Spells              Type           Power      Damage    Failure   Level
a - Sting                 Conj/Alch      72%        1d7       2%          1
b - Mephitic Cloud        Conj/Alch/Air  17%        N/A       9%          3

Your spell library contained the following spells:

 Spells                   Type           Power      Damage    Failure   Level
 Mercury Vapours          Alch/Air       36%        N/A       4%          2
 Swiftness                Air            14%        N/A       12%         3
 Olgreb's Toxic Radiance  Alch           21%        N/A       19%         4
 Ensorcelled Hibernation  Hex/Ice        2%         N/A       30%         2
 Inner Flame              Hex/Fire       1%         N/A       52%         3
 Passwall                 Erth           1%         N/A       52%         3
 Sticky Flame             Fire/Alch      11%        2d5       52%         4
 Irradiate                Conj/Alch      9%         3d14      58%         5
 Discord                  Hex            0%         N/A       100%        8
 Ignition                 Fire           0%         3d3       100%        8
 Polar Vortex             Ice            0%         N/A       100%        9


Dungeon Overview and Level Annotations

Branches:
Dungeon (6/15)             Temple (1/1) D:5

Altars:
Ashenzari
Cheibriados
Dithmenos
Elyvilon
Gozag
Hepliaklqana
Kikubaaqudgha
Makhleb
Okawaru
Qazlal
Ru
Sif Muna
Trog
Uskayaw
Vehumet
Wu Jian
Xom
Yredelemnul
Zin
The Shining One

Annotations:
D:3 3 runed translucent doors, DeathSocks's ghost, weakling BaIE


Innate Abilities, Weirdness & Mutations

You can wield a second weapon in your off-hand.
It takes a long time for you to wield or remove held weapons.
Your first few attacks do less damage.
You cannot equip rings or amulets.


Message History

The water moccasin bites you but does no damage.
You hit the water moccasin with your +0 short sword.
The water moccasin is severely wounded.
You barely miss the water moccasin with your +1 long sword of holy wrath.
You feel sick. The water moccasin barely misses you.
The water moccasin bites you.
You are more poisoned.
The water moccasin poisons you!
You barely miss the water moccasin with your +1 long sword of holy wrath.
The water moccasin is severely wounded.
You hit the water moccasin with your +0 short sword.
You feel very sick. The water moccasin barely misses you.
You hit the water moccasin but do no damage.
The water moccasin is severely wounded.
You barely miss the water moccasin with your +0 short sword.
You feel very sick. The water moccasin closely misses you.
The water moccasin bites you!
* * * LOW HITPOINT WARNING * * *
You are lethally poisoned!
The water moccasin poisons you!
You hit the water moccasin with your +1 long sword of holy wrath.
The water moccasin is severely wounded.
You hit the water moccasin but do no damage.
* * * LOW HITPOINT WARNING * * *
You feel extremely sick.
The water moccasin barely misses you. x2
Unknown command.
You feel better. The water moccasin bites you.
* * * LOW HITPOINT WARNING * * *
You are lethally poisoned!
The water moccasin poisons you!
You hit the water moccasin with your +0 short sword.
The water moccasin is almost dead.
You barely miss the water moccasin with your +1 long sword of holy wrath.
* * * LOW HITPOINT WARNING * * *
You feel very sick. The water moccasin bites you!
You die...
Your body crumbles into a pile of gold.

#.....###.# #..##....#
.......##.####......#.#
..#....###..#..####...#
.##.(.........## ##.##
.#........###.## ####
#...#####.##...# ##.#
...## #......## ##.##
...# ##..##...###.##
...# #.รท#####[@S.##
...#####.## #..##.##
.........## ##.####.#
..#.......###.## #.##
.##...........# ##.###
####...).....## ##.#..#
# #........## ###.##.##
##........# ##..###.# #
#..#......###..####.#


You could see a water moccasin.

Vanquished Creatures
  A water moccasin (D:5)
  A black bear (D:5)
  An ice beast (D:5)
  A centaur (D:6)
  An ogre (D:5)
  6 scorpions
  3 bombardier beetles
  An orc priest (D:6)
  3 hounds
  A jelly (D:3)
  Natasha (D:2)
  3 iguanas
  5 orc wizards
  4 adders
  2 white imps
  A dart slug (D:3)
  A ribbon worm (D:4)
  11 orcs
  6 endoplasms
  4 giant cockroaches (D:2)
  4 goblins
  9 hobgoblins
  5 jackals
  A quokka (D:3)
  3 ball pythons
  3 bats
  3 frilled lizards
  5 kobolds
  4 rats
  A spectral kobold (D:3)
95 creatures vanquished.

Vanquished Creatures (others)
  An orc (D:6)
1 creature vanquished.

Grand Total: 96 creatures vanquished

Notes
Turn   | Place    | Note
-------+----------+-------------------------------------------
     0 | D:1      | Shayle the Coglin Alchemist began the quest for the Orb.
     0 | D:1      | Reached XP level 1. HP: 13/13 MP: 3/3
   391 | D:1      | Reached skill level 1 in Fighting
   391 | D:1      | Reached XP level 2. HP: 21/21 MP: 2/4
   439 | D:1      | Reached skill level 1 in Ranged Weapons
  1128 | D:2      | Reached XP level 3. HP: 27/27 MP: 1/5
  1135 | D:2      | Learned a level 3 spell: Mephitic Cloud
  1982 | D:2      | Got the Guide on Shivering Ensorcelling
  1995 | D:2      | Noticed Natasha
  2008 | D:2      | HP: 1/27 [cerulean imp/+0 spear[Natasha] (3)]
  2009 | D:2      | Killed Natasha
  2010 | D:2      | Reached skill level 1 in Conjurations
  2010 | D:2      | Reached XP level 4. HP: 2/33 MP: 2/6
  2547 | D:3      | Reached skill level 1 in Air Magic
  2714 | D:3      | Reached XP level 5. HP: 29/39 MP: 5/7
  2902 | D:3      | Found a faded altar of an unknown god.
  3082 | D:3      | Found a runed translucent gate.
  3082 | D:3      | Found a runed translucent gate.
  3082 | D:3      | Found an opulent altar of Gozag.
  3084 | D:3      | Found a runed translucent gate.
  3086 | D:3      | Noticed an ogre
  3086 | D:3      | Noticed DeathSocks's ghost (weakling BaIE)
  3920 | D:4      | Reached skill level 4 in Alchemy
  3920 | D:4      | Reached XP level 6. HP: 35/46 MP: 8/8
  4311 | D:4      | Found a broken altar of Ashenzari.
  4311 | D:4      | Found an ornate altar of the Wu Jian Council.
  4313 | D:4      | Found a shadowy altar of Dithmenos.
  4359 | D:4      | Found a shimmering altar of Xom.
  4586 | D:4      | Reached XP level 7. HP: 42/52 MP: 6/9
  4853 | D:5      | Entered Level 5 of the Dungeon
  5406 | D:5      | Reached skill level 5 in Alchemy
  5440 | D:5      | Reached XP level 8. HP: 40/60 MP: 10/10
  5611 | D:5      | Found a staircase to the Ecumenical Temple.
  5620 | Temple   | Entered the Ecumenical Temple
  5630 | Temple   | Became a worshipper of Gozag Ym Sagoz the Greedy
  7074 | D:5      | Slain by a water moccasin

Illustrated notes

Levels and vault maps discovered:
D:1:      scummos_arrival_star, layout_basic
D:2:      layout_basic, minivault_4, uniq_natasha
D:3:      layout_loops_ring, ebering_ghost_gozag,
          dreamdust_ecumenical_altar_drowned_temple, minmay_misc_feat_nine_boxes
D:4:      minmay_general_purpose_star, layout_basic,
          nicolae_overflow_hidden_temple, mainiacjoe_overflow_paths,
          grunt_decor_arrowhead
D:5:      layout_layer_cave, minmay_temple_entry_overgrown
D:6:      layout_cave_pools
Temple:   nicolae_temple_x_marks_the_god

Skill      XL: |  1  2  3  4  5  6  7  8 |
---------------+-------------------------+-----
Fighting       | 1 2 3 4 |  4.7
Ranged Weapons | 1 2 3 4 |  4.2
Conjurations   | 1 2 3 4 |  4.0
Air Magic      | 1 2 3 |  3.8
Alchemy        | 4 5 |  5.8
Dodging        | |  1.7
Stealth        | |  1.5
Spellcasting   | |  1.7

Action                     |  1- 3 |  4- 6 |  7- 9 || total
---------------------------+-------+-------+-------++-------
  Melee: Short sword       |    35 |   105 |   100 ||   240
         Unarmed           |     3 |       |       ||     3
         Long sword        |       |    32 |   109 ||   141
   Cast: Sting             |    49 |    49 |    19 ||   117
         Mephitic Cloud    |       |       |     8 ||     8
    Use: Potion            |       |     1 |     4 ||     5
         Scroll            |       |     5 |       ||     5
   Stab: Sleeping          |       |     1 |       ||     1
         Confused          |       |       |     2 ||     2
 Armour: Robe              |    27 |    49 |   106 ||   182
  Dodge: Dodged            |    34 |    74 |    68 ||   176

Table legend: (Time is in decaauts)
 A = Elapsed time spent in this place.
 B = Non-inter-level travel time spent in this place.
 C = Inter-level travel time spent in this place.
 D = Time resting spent in this place.
 E = Time spent auto-exploring this place.
 F = Levels seen in this place.
 G = Mean time per level.
                   A        B        C        D        E       F      G
               +--------+--------+--------+--------+--------+-----+--------+
         Total |   7128 |   6979 |    149 |   1096 |   4708 |   7 | 1018.3 |
       Dungeon |   7107 |   6958 |    149 |   1096 |   4708 |   6 | 1184.5 |
        Temple |     20 |     20 |      0 |      0 |      0 |   1 |   20.0 |
               +--------+--------+--------+--------+--------+-----+--------+

Top non-repeatable levels by time:
     D:5: 2101 daAuts
     D:4: 1503 daAuts
     D:2: 1445 daAuts
     D:3: 1027 daAuts
     D:1: 908 daAuts
     D:6: 123 daAuts
  Temple: 20 daAuts
